Map: [ESL] Tropical Sacrifice

Players

Astrea - Winner!

  • Race: Protoss Protoss
  • Spawn Location: 1:00

Nina

  • Race: Protoss Protoss
  • Spawn Location: 7:00

Event: DreamHack SC2 Masters 2022 Atlanta (Online)

VOD

Have the link to the VOD?

Description

Time

  • Played on: Oct. 8, 2022, 5:17 p.m.
  • Length: 19:39

All games in this series

Show
View Real Time Build Order
Export as new Build Order

Astrea Protoss - Winner!

Build Orders: Phoenix Opening, Blink Stalkers 

Get SALT Encoding   

  12  0:00  Probe  
  13  0:12  Probe  
  14  0:17  Pylon  
  14  0:24  Probe (Chrono Boost)  
  15  0:36  Probe (Chrono Boost)  
  15  0:39  Gateway  
  16  0:45  Probe (Chrono Boost)  
  16  0:47  Assimilator  
  17  0:51  Probe  
  18  1:03  Probe  
  19  1:15  Probe (Chrono Boost)  
  20  1:19  Pylon  
  20  1:20  Assimilator  
  21  1:26  Probe (Chrono Boost)  
  21  1:30  Cybernetics Core  
  21  1:31  Probe (Chrono Boost)  
  22  1:37  Zealot  
  24  1:41  Probe  
  25  1:53  Probe  
  26  2:04  Warp Gate  
  26  2:09  Nexus  
  26  2:13  Probe  
  27  2:18  Sentry  
  29  2:25  Pylon  
  29  2:28  Probe  
  30  2:40  Probe  
  31  2:44  Stalker (Chrono Boost)  
  33  2:51  Gateway  
  33  2:52  Probe  
  33  2:54  Phoenix  
  34  3:00  Shield Battery  
  34  3:04  Probe  
  35  3:11  Twilight Council  
  35  3:18  Stalker (Chrono Boost)  
  37  3:21  Probe (Chrono Boost)  
  37  3:25  Probe (Chrono Boost)  
  40  3:37  Probe (Chrono Boost)  
  40  3:39  Probe (Chrono Boost)  
  41  3:42  Blink (Chrono Boost)  
  41  3:44  Probe (Chrono Boost)  
  41  3:46  Probe (Chrono Boost)  
  43  3:52  Probe  
  43  3:56  Stalker x2  
  43  3:57  Probe  
  48  4:04  Probe  
  48  4:05  Robotics Facility  
  50  4:10  Probe  
  50  4:12  Pylon  
  50  4:16  Probe  
  51  4:20  Assimilator  
  51  4:22  Probe  
  52  4:28  Probe  
  52  4:30  Gateway x2  
  52  4:38  Probe  
  52  4:40  Probe  
  52  4:45  Dark Shrine  
  54  4:48  Stalker x2  
  54  4:51  Probe  
  59  4:53  Probe, Pylon  
  60  5:01  Observer  
  60  5:06  Pylon  
  62  5:12  Nexus  
  61  5:17  Stalker  
  61  5:18  Stalker  
  65  5:22  Probe x2  
  67  5:31  Observer  
  67  5:34  Probe x2  
  70  5:37  Pylon  
  70  5:38  Stalker x2  
  74  5:46  Probe  
  75  5:52  Probe  
  75  5:53  Observer  
  75  5:54  Pylon  
  75  5:56  Dark Templar  
  78  5:59  Probe  
  78  6:01  Dark Templar  
  81  6:04  Probe  
  81  6:09  Forge  
  81  6:11  Probe  
  83  6:16  Probe  
  83  6:17  Stalker x2  
  88  6:21  Pylon  
  88  6:23  Probe  
  89  6:27  Probe  
  89  6:28  Probe  
  89  6:31  Charge  
  91  6:34  Stalker x2  
  91  6:35  Probe  
  91  6:39  Probe  
  97  6:40  Probe  
  97  6:42  Pylon  
  97  6:44  Protoss Ground Weapons Level 1 (Chrono Boost)  
  97  6:45  Observer  
  96  6:47  Probe  
  96  6:51  Probe  
  96  6:53  Probe  
  99  6:59  Gateway  
  98  7:02  Pylon  
  98  7:05  Gateway x2  
  98  7:07  Gateway  
  97  7:12  Stalker x3  
  97  7:15  Gateway  
  101  7:17  Assimilator  
  101  7:19  Pylon  
  101  7:27  Pylon  
  101  7:31  Stalker  
  101  7:32  Photon Cannon  
  101  7:34  Nexus  
  103  7:46  Stalker x3  
  106  8:04  Stalker x5  
  116  8:08  Shield Battery  
  116  8:10  Pylon  
  116  8:11  Observer, Probe x3  
  120  8:15  Zealot  
  122  8:20  Dark Templar  
  122  8:23  Zealot x2  
  122  8:26  Probe x3, Protoss Ground Weapons Level 2 (Chrono Boost)  
  131  8:29  Shield Battery  
  131  8:31  Photon Cannon  
  131  8:38  Probe x2  
  133  8:44  Zealot x6  
  133  8:46  Probe  
  144  8:51  Probe  
  144  8:55  Probe  
  144  8:56  Zealot x3  
  144  8:59  Probe  
  144  9:00  Shadow Stride  
  149  9:10  Assimilator  
  149  9:12  Stalker x5  
  149  9:13  Warp Prism (Chrono Boost)  
  161  9:25  Nexus  
  161  9:36  Stalker x4  
  165  9:41  Observer, Photon Cannon  
  165  9:42  Photon Cannon  
  163  9:59  Stalker x6  
  171  10:07  Pylon x3  
  171  10:12  Pylon  
  171  10:15  Photon Cannon  
  171  10:34  Stalker x9  
  179  10:37  Protoss Ground Weapons Level 3 (Chrono Boost), Gateway  
  179  10:42  Gateway  
  179  10:44  Photon Cannon  
  179  10:46  Probe x5  
  179  10:49  Robotics Bay  
  184  10:56  Robotics Facility  
  184  10:58  Probe  
  184  11:00  Assimilator  
  183  11:08  Dark Templar  
  183  11:09  Zealot x7  
  199  11:12  Observer  
  178  11:33  Zealot x3  
  178  11:34  Zealot x6  
  188  11:42  Disruptor  
  188  11:44  Disruptor  
  188  11:52  Observer  
  188  11:53  Stalker x2  
  188  11:54  Stalker x5  
  192  11:57  Nexus  
  190  12:08  Pylon  
  186  12:19  Zealot x11  
  187  12:31  Disruptor x2  
  189  12:47  Dark Templar x3  
  189  12:48  Zealot x2  
  199  12:55  Pylon  
  199  12:57  Gateway x2  
  199  13:00  Gateway  
  199  13:01  Gateway  
  199  13:02  Gateway  
  199  13:04  Gateway  
  196  13:06  Disruptor  
  196  13:10  Disruptor  
  188  13:15  Robotics Facility  
  167  13:34  Stalker  
  167  13:35  Stalker  
  167  13:36  Zealot x9  
  182  13:42  Disruptor  
  182  13:45  Disruptor  
  164  13:50  Probe  
  164  13:54  Zealot  
  164  13:55  Zealot x2  
  161  13:57  Zealot x11  
  161  13:58  Zealot  
  169  14:08  Probe x5  
  174  14:11  Photon Cannon  
  174  14:18  Disruptor x2  
  174  14:19  Protoss Shields Level 1  
  174  14:20  Probe  
  174  14:22  Observer  
  182  14:25  Photon Cannon  
  182  14:27  Photon Cannon  
  182  14:28  Probe x5, Photon Cannon  
  182  14:31  Shield Battery  
  185  14:43  Observer  
  185  14:45  Probe x4  
  190  14:49  Photon Cannon, Pylon  
  190  14:51  Shield Battery  
  190  14:53  Disruptor  
  190  14:54  Disruptor, Stalker x2  
  189  15:21  Stalker x3  
  189  15:22  Stalker x2  
  189  15:27  Photon Cannon  
  199  15:28  Photon Cannon  
  199  15:29  Photon Cannon  
  199  15:42  Observer  
  200  15:48  Nexus  
  200  15:50  Assimilator  
  200  15:51  Assimilator x2  
  200  15:55  Observer  
  176  16:15  Zealot x12  
  198  16:25  Dark Templar  
  198  16:28  Protoss Ground Armor Level 1  
  160  16:34  Dark Templar x4  
  160  16:35  Dark Templar x5  
  149  16:42  Probe x3  
  149  16:43  Probe x2  
  146  16:47  Zealot x7  
  160  16:59  Photon Cannon  
  160  17:01  Photon Cannon  
  160  17:03  Probe x4  
  160  17:04  Pylon  
  160  17:07  Zealot x13  
  160  17:08  Photon Cannon  
  184  17:10  Photon Cannon, Pylon  
  184  17:12  Pylon  
  184  17:22  Gravitic Boosters  
  184  17:23  Nexus  
  184  17:34  Probe x5  
  184  17:35  Probe  
  190  17:39  Dark Templar x4  
  190  17:42  Observer  
  192  17:53  Observer  
  192  18:01  Observer x2 (Chrono Boost)  
  192  18:03  Observer (Chrono Boost)  
  195  18:10  Photon Cannon  
  195  18:11  Photon Cannon  
  193  18:23  Photon Cannon  
  193  18:24  Photon Cannon  
  193  18:25  Probe x2  
  193  18:26  Photon Cannon  
  195  18:27  Photon Cannon, Pylon  
  195  18:29  Shield Battery, Zealot  
  195  18:30  Zealot  
  196  18:35  Zealot x2  
  190  18:53  Stalker x5  
  200  18:59  Assimilator  
  200  19:00  Assimilator  
  200  19:03  Photon Cannon, Assimilator  
  200  19:04  Assimilator  
  198  19:18  Nexus  
Show
View Real Time Build Order
Export as new Build Order

Nina Protoss 

Build Orders: Oracle Opening, Blink Stalkers 

Get SALT Encoding   

  12  0:00  Probe  
  13  0:12  Probe  
  14  0:20  Pylon  
  14  0:24  Probe  
  15  0:39  Probe (Chrono Boost)  
  15  0:40  Gateway  
  16  0:48  Probe (Chrono Boost)  
  16  0:49  Assimilator  
  17  0:53  Probe (Chrono Boost)  
  18  0:57  Assimilator  
  18  1:05  Probe (Chrono Boost)  
  18  1:08  Pylon  
  19  1:14  Probe (Chrono Boost)  
  20  1:20  Probe  
  21  1:28  Cybernetics Core  
  23  1:32  Zealot  
  23  1:35  Probe  
  24  1:47  Probe  
  25  1:59  Probe  
  28  2:11  Stargate  
  28  2:12  Probe  
  21  2:22  Warp Gate  
  29  2:28  Probe  
  28  2:32  Nexus  
  30  2:47  Pylon  
  31  2:55  Oracle (Chrono Boost)  
  31  3:04  Twilight Council  
  31  3:05  Probe  
  32  3:11  Stalker  
  34  3:17  Probe  
  35  3:29  Probe  
  35  3:31  Gateway  
  36  3:34  Blink (Chrono Boost)  
  37  3:41  Probe  
  37  3:45  Probe  
  39  3:57  Probe (Chrono Boost)  
  39  3:58  Probe (Chrono Boost)  
  40  4:07  Probe (Chrono Boost)  
  40  4:09  Probe (Chrono Boost)  
  42  4:10  Stalker  
  42  4:12  Probe (Chrono Boost)  
  45  4:17  Probe  
  45  4:23  Nexus  
  47  4:24  Probe  
  47  4:28  Stalker  
  47  4:30  Probe  
  50  4:36  Probe  
  48  4:40  Pylon  
  48  4:42  Robotics Facility, Probe  
  49  4:46  Stalker  
  49  4:49  Probe  
  49  4:52  Stalker  
  54  4:59  Shield Battery  
  54  5:00  Probe  
  54  5:01  Probe  
  54  5:06  Gateway  
  56  5:08  Assimilator  
  56  5:10  Stalker  
  56  5:12  Probe  
  59  5:16  Stalker  
  59  5:19  Pylon  
  59  5:20  Probe  
  62  5:26  Forge  
  62  5:34  Probe  
  62  5:35  Probe, Sentry, Observer (Chrono Boost), Pylon  
  66  5:36  Probe  
  68  5:46  Stalker  
  68  5:47  Probe (Chrono Boost)  
  68  5:48  Probe (Chrono Boost)  
  71  5:50  Observer  
  71  5:51  Immortal (Chrono Boost), Probe (Chrono Boost)  
  75  5:59  Probe (Chrono Boost)  
  75  6:00  Probe (Chrono Boost)  
  75  6:01  Stalker  
  75  6:04  Stalker, Pylon  
  82  6:05  Probe (Chrono Boost)  
  82  6:06  Probe (Chrono Boost)  
  82  6:07  Protoss Ground Weapons Level 1  
  83  6:14  Probe  
  83  6:15  Probe  
  85  6:19  Pylon  
  85  6:20  Pylon  
  85  6:22  Pylon  
  85  6:23  Gateway  
  85  6:24  Probe  
  86  6:27  Probe  
  86  6:33  Probe  
  86  6:35  Observer (Chrono Boost)  
  86  6:36  Stalker x2  
  86  6:37  Stalker  
  89  6:42  Probe  
  89  6:47  Probe  
  85  6:54  Probe  
  85  6:56  Photon Cannon  
  85  7:02  Probe  
  85  7:03  Probe  
  85  7:04  Zealot  
  89  7:09  Photon Cannon  
  89  7:14  Probe x2 (Chrono Boost)  
  91  7:21  Probe (Chrono Boost)  
  91  7:24  Pylon  
  91  7:25  Probe (Chrono Boost)  
  91  7:26  Probe (Chrono Boost)  
  91  7:27  Stalker  
  91  7:28  Stalker  
  98  7:30  Probe x2 (Chrono Boost)  
  98  7:34  Assimilator  
  98  7:35  Probe (Chrono Boost)  
  100  7:43  Probe (Chrono Boost)  
  100  7:47  Stalker x2  
  104  7:54  Probe  
  104  7:56  Observer  
  104  7:57  Stalker x2  
  109  8:04  Probe  
  109  8:05  Probe  
  111  8:07  Photon Cannon  
  111  8:08  Nexus  
  111  8:09  Gateway  
  111  8:10  Pylon  
  111  8:11  Pylon  
  111  8:13  Probe  
  112  8:20  Stalker x2, Protoss Ground Weapons Level 2 (Chrono Boost)  
  112  8:24  Pylon  
  112  8:25  Charge  
  112  8:26  Probe  
  117  8:32  Gateway  
  117  8:33  Gateway  
  117  8:39  Observer, Stalker  
  117  8:40  Probe  
  120  8:42  Gateway  
  120  8:44  Stalker  
  120  8:45  Shield Battery  
  120  8:46  Probe  
  120  8:47  Probe  
  123  8:52  Stalker  
  123  8:55  Probe  
  125  8:57  Photon Cannon  
  125  9:01  Pylon  
  123  9:02  Zealot x2  
  123  9:08  Stalker  
  129  9:10  Probe  
  129  9:11  Robotics Bay  
  129  9:13  Photon Cannon  
  130  9:17  Assimilator  
  130  9:18  Stalker  
  130  9:20  Probe  
  130  9:21  Probe  
  130  9:22  Probe  
  135  9:26  Stalker  
  135  9:28  Probe  
  138  9:32  Probe  
  138  9:35  Observer, Stalker x2  
  138  9:38  Sentry  
  143  9:42  Observer x2 (Chrono Boost), Robotics Facility  
  143  9:44  Zealot x2  
  148  9:51  Pylon  
  146  9:55  Zealot x3  
  146  9:56  Disruptor (Chrono Boost)  
  155  10:01  Probe  
  155  10:02  Probe  
  155  10:04  Pylon  
  155  10:06  Stalker x2  
  161  10:10  Pylon  
  161  10:13  Stalker x2  
  165  10:17  Probe  
  165  10:18  Photon Cannon, Pylon  
  164  10:29  Stalker x3  
  164  10:34  Photon Cannon  
  164  10:35  Disruptor  
  173  10:37  Zealot x3  
  173  10:40  Disruptor  
  182  10:48  Photon Cannon  
  182  10:51  Zealot x2  
  182  10:53  Assimilator  
  182  10:54  Assimilator  
  182  10:56  Zealot x3  
  186  11:04  Zealot x3  
  186  11:10  Disruptor, Assimilator  
  193  11:15  Zealot  
  193  11:17  Protoss Ground Weapons Level 3  
  177  11:26  Zealot x3  
  177  11:28  Disruptor  
  172  11:36  Zealot x4  
  172  11:38  Zealot  
  174  11:46  Disruptor  
  176  11:54  Nexus  
  166  12:03  Stalker x8  
  166  12:05  Disruptor  
  185  12:09  Observer  
  181  12:22  Disruptor, Pylon  
  184  12:23  Photon Cannon  
  184  12:25  Pylon  
  184  12:28  Photon Cannon  
  177  12:32  Stalker  
  177  12:33  Stalker x2  
  180  12:40  Disruptor  
  183  12:44  Zealot x5  
  193  12:56  Photon Cannon  
  193  12:57  Shield Battery  
  193  12:58  Observer  
  190  13:01  Photon Cannon  
  190  13:03  Photon Cannon  
  190  13:07  Zealot x5  
  190  13:10  Zealot  
  198  13:15  Zealot  
  200  13:23  Zealot  
  192  13:31  Zealot x5  
  192  13:33  Disruptor  
  186  13:40  Dark Shrine  
  182  13:43  Disruptor  
  182  13:44  Photon Cannon  
  165  13:56  Stalker x2  
  165  13:57  Stalker x5  
  165  13:58  Probe  
  165  13:59  Probe  
  150  14:08  Probe  
  150  14:09  Disruptor  
  151  14:10  Probe  
  151  14:11  Gateway  
  155  14:17  Zealot  
  155  14:22  Photon Cannon  
  157  14:24  Pylon  
  157  14:32  Protoss Shields Level 1  
  157  14:33  Zealot x2  
  161  14:39  Shield Battery, Zealot x2  
  161  14:44  Observer  
  166  14:46  Assimilator  
  166  14:52  Dark Templar x2  
  170  14:53  Dark Templar  
  169  15:09  Zealot x3  
  169  15:10  Zealot x3  
  159  15:22  Shadow Stride (Chrono Boost)  
  159  15:29  Dark Templar x2  
  159  15:30  Dark Templar x2  
  159  15:32  Nexus  
  165  15:43  Zealot x5  
  165  15:49  Observer (Chrono Boost)  
  177  15:52  Photon Cannon, Assimilator  
  177  15:55  Observer (Chrono Boost)  
  174  16:06  Zealot x2  
  175  16:11  Zealot x3  
  175  16:12  Nexus, Zealot x3  
  175  16:14  Stalker  
  175  16:17  Observer  
  190  16:21  Pylon  
  190  16:23  Pylon  
  175  16:35  Dark Templar x6  
  153  16:45  Disruptor x2 (Chrono Boost)  
  125  16:57  Stalker x2  
  123  17:14  Templar Archives  
  123  17:15  Photon Cannon  
  122  17:16  Probe x2  
  122  17:17  Probe  
  122  17:21  Disruptor (Chrono Boost)  
  128  17:32  Zealot  
  128  17:34  Probe  
  134  17:38  Disruptor (Chrono Boost)  
  134  17:50  Disruptor (Chrono Boost)  
  134  17:54  High Templar x5  
  134  17:55  High Templar x3  
  149  17:59  Archon x2  
  149  18:00  Archon  
  149  18:02  Archon  
  149  18:06  Disruptor  
  152  18:14  Dark Templar  
  156  18:27  Disruptor (Chrono Boost)  
  156  18:38  Nexus  
  122  18:41  Disruptor (Chrono Boost)  
  122  18:47  Dark Templar x3  
  123  19:00  High Templar x6  
  135  19:03  Archon  
  135  19:04  Archon x2  
Tags
 
Add a new tag
Caveats
  • Supply blocks, unpowered buildings, or Contaminate may cause inaccurate times.
  • Supply counts are checked every 10 seconds.